 Dungeon Crawl Stone Soup version 0.29-a0-1027-gcd8c55af63 (webtiles) character file.

Game seed: 17692616264425163926

9267 wingedge the Thaumaturge (level 11, -1/84 HPs)
             Began as a Human Wanderer on Aug 13, 2022.
             Was an Initiate of Gozag.
             Slain by Snorg (9 damage)
             ... on level 10 of the Dungeon.
             The game lasted 00:45:34 (12315 turns).

wingedge the Thaumaturge (Human Wanderer)          Turns: 12315, Time: 00:45:36

Health: -1/84      AC: 14    Str: 20    XL:     11   Next: 71%
Magic:  0/25       EV: 14    Int: 17    God:    Gozag
Gold:   735        SH:  0    Dex: 18    Spells: 17/30 levels left

rFire   . . .      SeeInvis .   a - +7 staff of the Meek {protect, meekguard}
rCold   . . .      Faith    .   (shield currently unavailable)
rNeg    . . .      Spirit   +   L - +0 steam dragon scales
rPois   .          Reflect  .   y - +0 helmet
rElec   .          Harm     .   s - +3 cloak of the Trees {Rampage Str+4}
rCorr   .          Rampage  +   D - +1 pair of gloves {Dex+3}
Will    .....      Rage     3%  B - +0 pair of boots
Stlth   ++........              e - amulet of guardian spirit
HPRegen 0.24/turn               G - +4 ring of slaying
MPRegen 0.19/turn               Y - +6 ring of strength

@: no status effects
A: talons 1, berserk 1, screaming 1
a: Renounce Religion, Potion Petition, Call Merchant, Bribe Branch


You were on level 10 of the Dungeon.
You worshipped Gozag.
Gozag was pleased with you.
You visited 2 branches of the dungeon, and saw 11 of its levels.

You collected 1345 gold pieces.
You paid 610 gold pieces to Gozag.

Inventory:

Hand Weapons
 a - the +7 staff of the Meek (weapon) {protect, meekguard}
   (You found it on level 9 of the Dungeon)

   It grants its wielder temporary protection when it strikes (+7 to AC).
   It provides extra protection to wielders with little health.
 c - a +0 shortbow
 o - a +2 quarterstaff
 t - a +0 falchion
 J - the +9 spear of the Wilderness {freeze, Fragile Fly rElec rC+ Str+5}
   (You found it on level 5 of the Dungeon)

   It freezes those it strikes, dealing additional cold damage.
   It can also slow down cold-blooded creatures.
   Str:       It affects your strength (+5).
   rC:        It protects you from cold.
   rElec:     It insulates you from electricity.
   Fly:       It grants you flight.
   Fragile:   It will be destroyed if unequipped.
Missiles
 n - a throwing net
Armour
 s - the +3 cloak of the Trees (worn) {Rampage Str+4}
   (You found it on level 2 of the Dungeon)

   Str:       It affects your strength (+4).
   Rampage:   It bestows one free step when moving towards enemies.
 u - an orb of mayhem
 y - a +0 helmet (worn)
 B - a +0 pair of boots (worn)
 D - a +1 pair of gloves of dexterity (worn)
 E - a +2 buckler
 F - an orb of light
 L - +0 steam dragon scales (worn)
 Z - a +2 robe of cold resistance
Magical Staves
 b - a staff of poison
Jewellery
 e - an amulet of guardian spirit (around neck)
 h - a ring of ice
 G - a +4 ring of slaying (left hand)
 O - a +4 ring of protection
 T - a ring of fire
 U - a ring of protection from fire
 Y - a +6 ring of strength (right hand)
Wands
 W - a wand of paralysis (6)
Scrolls
 d - 2 scrolls of fear
 g - a scroll of magic mapping
 i - 3 scrolls of poison
 l - a scroll of vulnerability {unknown}
 v - 5 scrolls of teleportation
 w - a scroll of identify
 x - 2 scrolls of butterflies
 C - a scroll of summoning {unknown}
 I - 2 scrolls of brand weapon {unknown}
 N - 2 scrolls of enchant armour {unknown}
 S - a scroll of immolation {unknown}
 V - a scroll of amnesia {unknown}
Potions
 j - a potion of heal wounds {unknown}
 r - 5 potions of might
 z - 2 potions of haste {unknown}
 A - a potion of flight {unknown}
 H - 2 potions of degeneration {unknown}
 M - a potion of lignification {unknown}
 Q - 4 potions of magic {unknown}
 R - a potion of ambrosia {unknown}
 X - a potion of mutation


   Skills:
 - Level 7.0 Fighting
 - Level 2.0 Long Blades
 + Level 7.5 Staves
 - Level 4.0 Armour
 - Level 4.0 Dodging
 - Level 2.0 Shields
 - Level 10.0 Spellcasting
 - Level 2.0 Translocations
 - Level 3.0 Transmutations
 - Level 2.0 Air Magic
 - Level 7.0 Poison Magic
 - Level 1.0 Evocations


You had 17 spell levels left.
You knew the following spells:

 Your Spells              Type           Power      Damage    Failure   Level
a - Sting                 Tmut/Pois      100%       1d8       1%          1
b - Poisonous Vapours     Pois/Air       46%        N/A       1%          2
c - Olgreb's Toxic Radia  Pois           32%        N/A       4%          4
d - Spider Form           Tmut/Pois      25%        N/A       3%          3
e - Blink                 Tloc           30%        N/A       5%          2
f - Apportation           Tloc           30%        N/A       3%          1

Your spell library contained the following spells:

 Spells                   Type           Power      Damage    Failure   Level
 Necrotise                Necr           32%        1d5       9%          1
 Summon Small Mammal      Summ           32%        N/A       9%          1
 Ensorcelled Hibernation  Hex/Ice        16%        N/A       13%         2
 Dazzling Flash           Conj/Hex       16%        N/A       26%         3
 Frozen Ramparts          Ice            16%        1d3       26%         3
 Ice Form                 Ice/Tmut       13%        N/A       41%         4
 Anguish                  Hex/Necr       4%         N/A       63%         4
 Summon Ice Beast         Ice/Summ       8%         N/A       63%         4
 Manifold Assault         Tloc           15%        N/A       71%         5
 Silence                  Hex/Air        5%         N/A       83%         5
 Agony                    Necr           8%         N/A       93%         5
 Storm Form               Tmut/Air       8%         N/A       100%        7


Dungeon Overview and Level Annotations

Branches:
Dungeon (10/15)            Temple (1/1) D:6            Lair (0/5) D:10
    Orc: D:9-12

Altars:
Ashenzari
Cheibriados
Dithmenos
Elyvilon
Fedhas
Gozag
Hepliaklqana
Kikubaaqudgha
Makhleb
Nemelex Xobeh
Okawaru
Qazlal
Ru
Sif Muna
Trog
Uskayaw
Vehumet
Xom
Yredelemnul
Zin
The Shining One

Annotations:
D:10 Snorg


Innate Abilities, Weirdness & Mutations

You have sharp toenails.
You sometimes lose your temper in combat.
You occasionally shout uncontrollably at your foes.


Message History

You sock Snorg!
Snorg is almost dead.
Snorg bites you.
* * * LOW HITPOINT WARNING * * *
Snorg claws you but does no damage. Snorg claws you!
* * * LOW HITPOINT WARNING * * *
You feel better. Snorg bites you.
* * * LOW HITPOINT WARNING * * *
Snorg claws you but does no damage. Snorg misses you. Snorg closely misses you.
Snorg barely misses you. x2
Blink to where?
Press: ? - help, Dir - move target, p - Snorg
As you read the scroll of blinking, it crumbles to dust.
Casting: Sting (safe; 1% risk of failure)
Confirm with . or Enter, or press ? or * to list all spells.
Aiming: Poisonous Vapours (safe; 1% risk of failure)
Press: ? - help, Dir - move target, f - Snorg
Aim: Snorg (translocational energy, almost dead, berserk, very poisoned) Poisonous vapours surround Snorg!
Snorg looks as sick as possible!
Aiming: Paralyse
Press: ? - help, Shift-Dir - straight line, f/p - Snorg
Aim: Snorg (almost dead, berserk, extremely poisoned, chance to affect: 19%) Snorg resists with almost no effort.
Aiming: Paralyse
Press: ? - help, Shift-Dir - straight line, f/p - Snorg
Aim: Snorg (almost dead, berserk, extremely poisoned, chance to affect: 19%) Snorg resists with almost no effort.
Aiming: Paralyse
Press: ? - help, Shift-Dir - straight line, f/p - Snorg
Aim: Snorg (almost dead, berserk, extremely poisoned, chance to affect: 19%) Snorg resists with almost no effort.
Aiming: Paralyse
Press: ? - help, Shift-Dir - straight line, f/p - Snorg
Aim: Snorg (almost dead, berserk, extremely poisoned, chance to affect: 19%) Snorg resists with almost no effort.
Snorg bites you but does no damage. Snorg claws you.
* * * LOW HITPOINT WARNING * * *
Snorg misses you. Snorg bites you!
You die...
Your body crumbles into a pile of gold.

#.......#########'##...###
#.......#.................
#.......#.................
........#'##############..
########...............#..
#....#.#....#...###..#..
#....'.#....#........#..
#....#T#....#.........>#
#....#.@.......#####....
#....#.....##### #....
+....#.....# #.... #....#.....#
#...# #....#.....# #....
#....####### ##### # #####
######## ##
....#####......#################.


You could see Snorg (berserk, extremely poisoned).

Vanquished Creatures
  A boulder beetle (D:8)
  A centaur warrior (D:8)
  A two-headed ogre (D:8)
  Nergalle (D:10)
  A cyclops (D:10)
  Maggie (D:6)
  An unseen horror (D:10)
  A troll (D:10)
  Prince Ribbit (D:7)
  A hornet (D:8)
  Grinder (D:4)
  A slime creature (D:9)
  A vampire (D:8)
  A wraith (D:9)
  A wyvern (D:9)
  6 yaks (D:10)
  A steam dragon (D:8)
  A vampire mosquito (D:8)
  2 acid dragons (D:10)
  A water moccasin (D:5)
  4 orc warriors
  A black bear (D:6)
  2 sky beasts (D:8)
  A centaur (D:9)
  3 phantoms
  A necrophage (D:7)
  2 kobold brigands
  2 bullfrogs
  A gnoll sergeant (D:9)
  4 scorpions
  14 killer bees
  A howler monkey (D:5)
  4 electric eels (D:9)
  3 jellies
  4 orc priests
  3 hounds
  2 iguanas
  7 orc wizards
  Robin (D:3)
  7 gnolls
  8 adders
  A shadow imp (D:8)
  2 white imps
  2 ufetubi
  6 worms
  2 dart slugs
  24 orcs
  6 bats
  6 endoplasms
  5 giant cockroaches
  20 goblins
  5 hobgoblins (D:3)
  2 quokkas
  8 ball pythons
  16 kobolds
  7 rats
213 creatures vanquished.

Vanquished Creatures (others)
  7 plants (D:9)
7 creatures vanquished.

Grand Total: 220 creatures vanquished

Notes
Turn   | Place    | Note
-------+----------+-------------------------------------------
     0 | D:1      | wingedge the Human Wanderer began the quest for the Orb.
     0 | D:1      | wingedge set off with the following items: a +2
                  | quarterstaff, a +0 falchion, a +0 pair of boots, a scroll
                  | of fear, a +0 robe.
     0 | D:1      | Reached XP level 1. HP: 16/16 MP: 1/1
   309 | D:1      | Reached XP level 2. HP: 23/23 MP: 2/2
   477 | D:1      | Found a faded altar of an unknown god.
  1225 | D:2      | Reached skill level 1 in Armour
  1225 | D:2      | Reached XP level 3. HP: 29/29 MP: 3/3
  1241 | D:2      | Reached XP level 4. HP: 33/35 MP: 4/4
  1558 | D:2      | Identified the +3 cloak of the Trees {Rampage Str+4}
  1946 | D:2      | Reached XP level 5. HP: 24/41 MP: 5/5
  2457 | D:3      | Found a sacrificial altar of Ru.
  2724 | D:3      | Noticed Robin
  2742 | D:3      | Killed Robin
  3053 | D:3      | Reached XP level 6. HP: 48/48 MP: 6/6
  3065 | D:3      | Reached skill level 1 in Poison Magic
  3080 | D:3      | Learned a level 1 spell: Sting
  3207 | D:4      | Reached skill level 1 in Spellcasting
  3207 | D:4      | Reached skill level 1 in Transmutations
  3432 | D:4      | Noticed Grinder
  3634 | D:4      | Paralysed by Grinder for 4 turns
  3641 | D:4      | Killed Grinder
  3642 | D:4      | Reached skill level 2 in Spellcasting
  3642 | D:4      | Reached skill level 5 in Staves
  3642 | D:4      | Reached XP level 7. HP: 34/54 MP: 4/10
  4029 | D:5      | Entered Level 5 of the Dungeon
  4084 | D:5      | Found an opulent altar of Gozag.
  4094 | D:5      | Became a worshipper of Gozag Ym Sagoz the Greedy
  4195 | D:5      | Reached skill level 5 in Fighting
  4350 | D:5      | Reached XP level 8. HP: 49/62 MP: 8/11
  4615 | D:5      | Reached skill level 3 in Spellcasting
  4777 | D:5      | Identified the +9 spear of the Wilderness {freeze, Fragile
                  | Fly rElec rC+ Str+5}
  5192 | D:5      | Found an iron altar of Okawaru.
  5195 | D:5      | Found a snail-covered altar of Cheibriados.
  5198 | D:5      | Found a hazy altar of Hepliaklqana.
  5261 | D:5      | Found a glowing golden altar of the Shining One.
  5263 | D:5      | Found a bloodstained altar of Trog.
  5299 | D:6      | Noticed Maggie
  5314 | D:6      | Killed Maggie
  5315 | D:6      | Reached skill level 1 in Shields
  5315 | D:6      | Reached skill level 5 in Poison Magic
  5404 | D:6      | Learned a level 2 spell: Poisonous Vapours
  5409 | D:6      | Learned a level 4 spell: Olgreb's Toxic Radiance
  5494 | D:6      | Reached skill level 1 in Air Magic
  5494 | D:6      | Reached XP level 9. HP: 66/68 MP: 1/14
  5744 | D:6      | Reached skill level 4 in Spellcasting
  5847 | D:6      | Reached skill level 1 in Evocations
  6048 | D:6      | Found a staircase to the Ecumenical Temple.
  6070 | Temple   | Entered the Ecumenical Temple
  6863 | D:7      | Learned a level 3 spell: Spider Form
  6955 | D:7      | Found a shimmering blue altar of Sif Muna.
  7209 | D:7      | Noticed Prince Ribbit
  7222 | D:7      | Killed Prince Ribbit
  7791 | D:8      | Reached skill level 5 in Spellcasting
  7949 | D:8      | Noticed a two-headed ogre
  7965 | D:8      | Killed a two-headed ogre
  7966 | D:8      | Reached skill level 6 in Spellcasting
  7966 | D:8      | Reached XP level 10. HP: 52/74 MP: 8/20
  8090 | D:8      | Reached skill level 7 in Spellcasting
  8702 | D:8      | Reached skill level 8 in Spellcasting
  8706 | D:8      | Noticed a boulder beetle
  8803 | D:8      | Killed a boulder beetle
  8816 | D:8      | Noticed a centaur warrior
  8838 | D:8      | HP: 2/74 [centaur warrior (3)]
  8842 | D:8      | Killed a centaur warrior
  8843 | D:8      | Reached skill level 9 in Spellcasting
  9176 | D:8      | HP: 1/74 [something (14)]
  9182 | D:8      | Gained mutation: You are clumsy. (Dex -2) [potion of
                  | mutation]
  9182 | D:8      | Gained mutation: You are somewhat resistant to further
                  | mutation. [potion of mutation]
  9182 | D:8      | HP: 3/74 [something (2)]
  9184 | D:8      | HP: 1/74 [something (3)]
  9190 | D:8      | Lost mutation: You are clumsy. (Dex -2) [potion of
                  | mutation]
  9190 | D:8      | Lost mutation: You are somewhat resistant to further
                  | mutation. [potion of mutation]
  9190 | D:8      | Gained mutation: You occasionally shout uncontrollably at
                  | your foes. [potion of mutation]
  9190 | D:8      | Gained mutation: You sometimes lose your temper in combat.
                  | [potion of mutation]
  9190 | D:8      | Gained mutation: You have sharp toenails. [potion of
                  | mutation]
  9699 | D:8      | Learned a level 2 spell: Blink
  9805 | D:9      | Reached skill level 1 in Translocations
  9805 | D:9      | Reached XP level 11. HP: 51/79 MP: 15/24
  9932 | D:9      | Reached skill level 10 in Spellcasting
 10568 | D:9      | Found a burning altar of Makhleb.
 10704 | D:9      | Found a broken altar of Ashenzari.
 10901 | D:9      | Found the +7 staff of the Meek {protect, meekguard}
 11122 | D:10     | Entered Level 10 of the Dungeon
 11176 | D:10     | Noticed a cyclops
 11198 | D:10     | Killed a cyclops
 11805 | D:10     | Noticed Nergalle
 11823 | D:10     | Killed Nergalle
 12250 | D:10     | Found a staircase to the Lair.
 12260 | D:10     | Learned a level 1 spell: Apportation
 12290 | D:10     | Noticed Snorg
 12315 | D:10     | Slain by Snorg

Illustrated notes

Levels and vault maps discovered:
D:1:      tarquinn_simple_flora_water_f, layout_basic,
          shapermc_ecumenical_altar_pompeii
D:2:      layout_basic, minmay_misc_feat_columns, st_stairs_14
D:3:      corexii_shack_village, layout_loops_ring, nicolae_ru_awakened_eye,
          minmay_joined_circles, uniq_robin
D:4:      layout_rooms, uniq_grinder
D:5:      layout_loops_ring, lemuel_crystal_altar,
          nicolae_overflow_hidden_temple
D:6:      layout_basic, minmay_temple_entry_offerings, uniq_maggie
D:7:      layout_basic, mainiacjoe_overflow_brackets, serial_park_tiny_pond,
          uniq_prince_ribbit1
D:8:      layout_basic, kb_rosetta
D:9:      layout_gridville, evilmike_ruin_ashenzari,
          mainiacjoe_overflow_cross_hatched, serial_bayou, serial_bayou_pond_e,
          serial_bayou_pond_b, serial_bayou_shore_b, serial_bayou_lagoon_b,
          minmay_microvault
D:10:     layout_stronghold, nzn_wu_jian_contemplation, lair_entry_dummy,
          minivault_25, uniq_fannar, uniq_nergalle, uniq_snorg
Temple:   minmay_freezing_vapour_temple

Skill      XL: |  1  2  3  4  5  6  7  8  9 10 11 |
---------------+----------------------------------+-----
Fighting       | 3 4 5 7 |  7.0
Armour         | 1 2 3 4 |  4.0
Dodging        | 3 4 |  4.0
Poison Magic   | 2 3 5 7 |  7.0
Spellcasting   | 2 3 6 9 10 | 10.0
Transmutations | 1 2 3 |  3.0
Staves         | 5 7 |  7.5
Shields        | 2 |  2.0
Air Magic      | 1 2 |  2.0
Evocations     | 1 |  1.0
Translocations | 1 2 |  2.0
Long Blades    | |  2.0

Action                   |  1- 3 |  4- 6 |  7- 9 | 10-12 || total
-------------------------+-------+-------+-------+-------++-------
Melee: Quarterstaff      |    58 |   186 |    65 |   158 ||   467
       Staff             |       |    19 |    15 |     3 ||    37
       Falchion          |       |       |     8 |       ||     8
       Unarmed           |       |       |       |    13 ||    13
Throw: Dart              |     1 |     3 |     3 |       ||     7
       Throwing net      |       |     1 |     3 |     2 ||     6
 Cast: Sting             |       |       |    93 |    26 ||   119
       Poisonous Vapours |       |       |    20 |    21 ||    41
       Olgreb's Toxic Ra |       |       |    15 |    26 ||    41
       Spider Form       |       |       |       |     2 ||     2
Invok: Potion Petition   |       |       |       |     2 ||     2
 Abil: End Transformatio |       |       |       |     1 ||     1
Evoke: Wand              |       |       |       |     6 ||     6
  Use: Scroll            |       |     4 |     6 |     5 ||    15
       Potion            |       |     1 |       |    11 ||    12
 Stab: Held in net/web   |       |       |     2 |       ||     2
       Sleeping          |       |       |     1 |       ||     1
       Paralysed         |       |       |       |     5 ||     5
Armor: Ring mail         |    18 |     3 |    20 |       ||    41
       Robe              |     2 |       |       |       ||     2
       Scale mail        |       |    71 |       |       ||    71
       Leather armour    |       |     9 |       |       ||     9
       Steam dragon scal |       |       |    32 |   113 ||   145
       Skin              |       |       |       |     8 ||     8
Dodge: Dodged            |    23 |    92 |    70 |   145 ||   330
Block: Buckler           |       |     4 |     6 |       ||    10

Table legend: (Time is in decaauts)
 A = Elapsed time spent in this place.
 B = Non-inter-level travel time spent in this place.
 C = Inter-level travel time spent in this place.
 D = Time resting spent in this place.
 E = Time spent auto-exploring this place.
 F = Levels seen in this place.
 G = Mean time per level.
                   A        B        C        D        E       F      G
               +--------+--------+--------+--------+--------+-----+--------+
         Total |  12402 |  12188 |    214 |   1652 |   8477 |  11 | 1127.5 |
       Dungeon |  12386 |  12176 |    210 |   1652 |   8467 |  10 | 1238.6 |
        Temple |     15 |     11 |      4 |      0 |     10 |   1 |   15.0 |
               +--------+--------+--------+--------+--------+-----+--------+

Top non-repeatable levels by time:
     D:8: 2106 daAuts
     D:9: 1459 daAuts
     D:6: 1304 daAuts
     D:5: 1273 daAuts
     D:2: 1235 daAuts
    D:10: 1212 daAuts
     D:3: 1180 daAuts
     D:7: 979 daAuts
     D:1: 892 daAuts
     D:4: 744 daAuts
  Temple: 15 daAuts
